 Dungeon Crawl Stone Soup version 0.28.0-45-g0d030f2227 (webtiles) character file.

Game seed: 2858844091686738588

8626 raph the Cleaver (level 11, -1/94 HPs)
             Began as a Minotaur Berserker on May 24, 2022.
             Was a Priest of Trog.
             Slain by an orc warrior
             ... wielding a +0 flail
              (7 damage)
             ... on level 9 of the Dungeon.
             The game lasted 00:14:36 (10829 turns).

raph the Cleaver (Minotaur Berserker)              Turns: 10829, Time: 00:14:37

Health: -1/94      AC: 18    Str: 23    XL:     11   Next: 12%
Magic:  1/1        EV: 13    Int:  9    God:    Trog [***...]
Gold:   63         SH:  5    Dex: 13    Spells: 10/10 levels left

rFire   + . .      SeeInvis +   a - +3 battleaxe
rCold   + + .      Faith    .   (shield currently unavailable)
rNeg    . . .      Spirit   .   C - +3 scale mail {rF+}
rPois   +          Reflect  +   n - +1 hat
rElec   .          Harm     .   D - +2 cloak
rCorr   .          Rampage  .   (no gloves)
Will    .....                   H - +2 pair of boots of Roak {rC++ MP-9 Int+5}
Stlth   ..........              K - amulet of reflection
HPRegen 0.25/turn               c - ring of poison resistance
MPRegen 0.07/turn               E - ring of see invisible

@: on berserk cooldown, slowed, invisible, very slow
A: horns 2, retaliatory headbutt
a: Renounce Religion, Berserk, Trog's Hand


You were on level 9 of the Dungeon.
You worshipped Trog.
Trog was most pleased with you.
You visited 1 branch of the dungeon, and saw 10 of its levels.

You collected 350 gold pieces.
You spent 287 gold pieces at shops.

Inventory:

Hand Weapons
 a - a +3 battleaxe (weapon)
 b - a +0 hand crossbow
 w - a +0 hand axe of flaming
 B - a +0 war axe of freezing
 I - a +0 broad axe
Missiles
 e - 10 boomerangs (quivered)
 g - 15 poisoned darts
 s - 52 bolts
Armour
 d - a +1 ring mail
 i - a +0 plate armour
 n - a +1 hat (worn)
 C - a +3 scale mail of fire resistance (worn)
 D - a +2 cloak (worn)
 H - the +2 pair of boots of Roak (worn) {rC++ MP-9 Int+5}
   (You found it on level 8 of the Dungeon)

   Int:       It affects your intelligence (+5).
   rC:        It greatly protects you from cold.
   MP:        It affects your magic capacity (-9).
Jewellery
 c - a ring of poison resistance (left hand)
 x - an amulet of guardian spirit
 E - a ring of see invisible (right hand)
 G - the amulet of Vafise {Reflect Harm Int+8 Slay-2 SH+5}
   (You found it on level 8 of the Dungeon)

   [amulet of reflection]

   It reflects blocked missile attacks.
   Int:       It affects your intelligence (+8).
   Slay:      It affects your accuracy & damage with ranged weapons and melee
   (-2).
   SH:        It affects your SH (+5).
   Harm:      It increases damage dealt and taken.
 K - an amulet of reflection (around neck)
Wands
 l - a wand of charming (12)
 o - a wand of paralysis (5)
 u - a wand of mindburst (13)
 y - a wand of flame (18)
 F - a wand of polymorph (12)
Scrolls
 h - a scroll of teleportation
 j - 2 scrolls of fear
Potions
 f - 4 potions of invisibility
 k - a potion of resistance
 m - 2 potions of heal wounds {unknown}
 p - a potion of cancellation
 q - a potion of lignification {unknown}
 r - 4 potions of curing
 t - 2 potions of mutation {unknown}
 z - 2 potions of ambrosia
 A - 2 potions of magic
 J - a potion of berserk rage {unknown}


   Skills:
 + Level 7.9 Fighting
 - Level 14.0 Axes
 + Level 6.2 Crossbows
 + Level 7.3 Armour
 + Level 6.7 Dodging
 + Level 5.2 Evocations


You had 10 spell levels left.
You didn't know any spells.
Your spell library was empty.

Dungeon Overview and Level Annotations

Branches:
Dungeon (10/15)            Temple (0/1) D:6
   Lair: D:8-11         Orc: D:9-12

Altars:
Ashenzari
Dithmenos
Gozag
Kikubaaqudgha
Makhleb
Nemelex Xobeh
Qazlal
Ru
Vehumet
Wu Jian
Yredelemnul
Zin

Shops:
D:1 !   D:9 *

Annotations:
D:4 1 runed translucent door, Glaciallarry's ghost, amateur NaVM
D:7 4 runed translucent doors, Menkaure
D:8 2 transporters


Innate Abilities, Weirdness & Mutations

You have a pair of horns on your head.
You reflexively headbutt those who attack you in melee.


Message History

You feel a strong urge to attack something.
You are no longer berserk.
You are exhausted.
You feel yourself slow down.
The deep elf pyromancer casts a spell.
The deep elf pyromancer blinks!
Things that are here:
+0 steam dragon scales; a steam dragon corpse No target in view!
A death knight comes into view. It is wielding a +0 glaive.
The death knight hits you from afar with a +0 glaive!
The death knight hits you with a +0 glaive!!
Things that are here:
a +0 shortbow; 40 arrows; a scroll of identify You are too injured to fight recklessly!
You are too injured to fight recklessly!
The death knight hits you but does no damage.
The death knight hits you from afar with a +0 glaive.
As you read the scroll of teleportation, it crumbles to dust.
You feel strangely unstable. You block the death knight's attack.
The death knight hits you from afar with a +0 glaive.
Items here: (( ) †.
Your surroundings suddenly seem different.
A centaur zombie, an orc warrior and a cyclops come into view.
Found 12 gold pieces.
The orc warrior shouts!
The cyclops shouts!
A centaur zombie comes into view.
You slice the centaur zombie!! You headbutt the centaur zombie!
The centaur zombie is almost destroyed.
The centaur zombie barely misses you. You furiously retaliate!
You headbutt the centaur zombie.
You destroy the centaur zombie!
Trog accepts your kill.
The cyclops throws a large rock.
The large rock hits you!!
* * * LOW HITPOINT WARNING * * *
You fade into invisibility!
You block the orc warrior's attack.
The cyclops throws a large rock.
The large rock misses you.
The orc warrior hits you with a +0 flail!
You die...

## ..
#####.###
#.##
#@oZ.....
..
#.#.#.#.#
# #.. ..
#.#. .#
....C ..
#.# #. .#
# #.. ..
. #. #
#.# #.
#..#####
#......


You could see a cyclops, an orc warrior and a centaur zombie.

Vanquished Creatures
  2 centaur warriors (D:9)
  A death knight (D:9)
  A cyclops (D:9)
  Joseph (D:7)
  2 freezing wraiths (D:9)
  Grinder (D:6)
  2 trolls (D:9)
  Sigmund (D:4)
  2 wraiths
  2 wyverns (D:7)
  Eustachio (D:6)
  A steam dragon (D:9)
  Edmund (D:6)
  2 water moccasins
  Duvessa (D:7)
  4 orc warriors
  A black bear (D:6)
  4 ogres
  A necrophage (D:5)
  5 centaurs
  A bullfrog (D:8)
  3 gnoll sergeants
  3 scorpions
  A wyvern skeleton (D:6)
  12 killer bees
  Dowan (D:7)
  3 howler monkeys (D:7)
  5 wights
  A bullfrog zombie (D:6)
  A centaur zombie (D:9)
  3 centaur skeletons
  2 jellies
  2 orc priests
  2 hounds
  3 bullfrog skeletons
  2 iguanas
  3 orc wizards
  2 killer bee zombies (D:8)
  3 hound skeletons
  8 gnolls
  11 adders
  A white imp (D:7)
  2 ufetubi
  3 worms
  19 orcs
  8 endoplasms
  4 giant cockroaches
  14 goblins
  4 hobgoblins
  4 jackals (D:3)
  7 kobolds
  3 quokkas
  11 ball pythons
  7 bats
  5 frilled lizards
  4 rats
204 creatures vanquished.

Vanquished Creatures (others)
  2 fungi (D:3)
  2 plants (D:3)
4 creatures vanquished.

Grand Total: 208 creatures vanquished

Notes
Turn   | Place    | Note
-------+----------+-------------------------------------------
     0 | D:1      | raph the Minotaur Berserker began the quest for the Orb.
     0 | D:1      | Reached XP level 1. HP: 19/19 MP: 0/0
   129 | D:1      | Found Yqy Beti's Distillery.
   161 | D:1      | Reached skill level 4 in Axes
   211 | D:1      | Reached XP level 2. HP: 20/26 MP: 1/1
   882 | D:2      | Reached skill level 5 in Axes
   939 | D:2      | Reached XP level 3. HP: 31/31 MP: 2/2
  1845 | D:2      | Reached skill level 6 in Axes
  1845 | D:2      | Reached XP level 4. HP: 39/39 MP: 3/3
  2204 | D:3      | Reached ** piety under Trog
  2251 | D:3      | Found a faded altar of an unknown god.
  2428 | D:3      | Found a sacrificial altar of Ru.
  2590 | D:3      | Found an ancient bone altar of Kikubaaqudgha.
  2591 | D:3      | Found a broken altar of Ashenzari.
  2611 | D:3      | Reached XP level 5. HP: 45/45 MP: 4/4
  2673 | D:3      | Reached skill level 7 in Axes
  2827 | D:3      | Noticed an ogre
  2833 | D:3      | Killed an ogre
  2838 | D:3      | Reached skill level 8 in Axes
  2952 | D:4      | Reached XP level 6. HP: 47/51 MP: 5/5
  3425 | D:4      | Found an opulent altar of Gozag.
  3425 | D:4      | Found a glowing silver altar of Zin.
  3426 | D:4      | Found a burning altar of Makhleb.
  3450 | D:4      | Reached skill level 9 in Axes
  3523 | D:4      | Found a runed translucent door.
  3523 | D:4      | Noticed Glaciallarry's ghost (amateur NaVM)
  3725 | D:4      | Noticed Sigmund
  3732 | D:4      | Killed Sigmund
  3733 | D:4      | Reached skill level 10 in Axes
  3733 | D:4      | Reached XP level 7. HP: 57/57 MP: 6/6
  3754 | D:4      | Reached *** piety under Trog
  3866 | D:4      | Found an ancient bone altar of Kikubaaqudgha.
  4254 | D:5      | Entered Level 5 of the Dungeon
  4264 | D:5      | Reached skill level 11 in Axes
  4770 | D:5      | Reached XP level 8. HP: 47/64 MP: 7/7
  4893 | D:5      | Found a radiant altar of Vehumet.
  4895 | D:5      | Found a shadowy altar of Dithmenos.
  4942 | D:5      | Reached skill level 12 in Axes
  5886 | D:6      | Found an ornate altar of the Wu Jian Council.
  5957 | D:6      | Found a staircase to the Ecumenical Temple.
  6104 | D:6      | Reached skill level 13 in Axes
  6339 | D:6      | Noticed Grinder
  6350 | D:6      | Killed Grinder
  6351 | D:6      | Reached skill level 1 in Crossbows
  6351 | D:6      | Reached skill level 1 in Evocations
  6527 | D:6      | Noticed Edmund
  6533 | D:6      | Killed Edmund
  6665 | D:6      | Reached XP level 9. HP: 67/72 MP: 6/8
  6725 | D:6      | Noticed Eustachio
  6731 | D:6      | Killed Eustachio
  7222 | D:7      | Reached skill level 5 in Fighting
  7329 | D:7      | Found a huge runed translucent gate.
  7330 | D:7      | Found a huge runed translucent gate.
  7331 | D:7      | Found a huge runed translucent gate.
  7332 | D:7      | Found a huge runed translucent gate.
  7332 | D:7      | Noticed a polar bear
  7332 | D:7      | Noticed a polar bear
  7333 | D:7      | Noticed a polar bear
  7334 | D:7      | Noticed a manticore
  7334 | D:7      | Noticed Menkaure
  7343 | D:7      | Noticed Joseph
  7351 | D:7      | Killed Joseph
  7785 | D:7      | You fall into a shaft and drop 3 floors!
  7785 | D:10     | Entered Level 10 of the Dungeon
  7795 | D:10     | Noticed a two-headed ogre
  7799 | D:10     | Reached skill level 5 in Armour
  7804 | D:10     | Noticed a kobold demonologist
  7806 | D:10     | Noticed a two-headed ogre
  8178 | D:9      | Noticed a troll
  8185 | D:9      | Killed a troll
  8393 | D:8      | Reached XP level 10. HP: 83/83 MP: 9/9
  8537 | D:8      | Identified the +1 ring mail of Agoraphobia {rC+ Str-2 Int+4
                  | SInv}
  8558 | D:8      | Reached skill level 5 in Dodging
  9067 | D:7      | Noticed Dowan
  9067 | D:7      | Noticed Duvessa
  9075 | D:7      | Killed Duvessa
  9079 | D:7      | Killed Dowan
  9532 | D:8      | Identified the amulet of Vafise {Reflect Harm Int+8 Slay-2
                  | SH+5}
  9551 | D:8      | Found a sparkling altar of Nemelex Xobeh.
  9653 | D:8      | Identified the +2 pair of boots of Roak {rC++ MP-9 Int+5}
  9745 | D:8      | Found a stormy altar of Qazlal.
  9746 | D:8      | Noticed a skeletal warrior
  9749 | D:8      | Found a transporter.
  9749 | D:8      | Noticed a death knight
  9785 | D:8      | Found a transporter.
 10087 | D:9      | Reached skill level 14 in Axes
 10441 | D:9      | Found a basalt altar of Yredelemnul.
 10486 | D:9      | Found Omoheule's Assorted Antiques.
 10491 | D:9      | Bought an amethyst potion for 26 gold pieces
 10491 | D:9      | Bought a dented golden amulet for 145 gold pieces
 10491 | D:9      | Bought a scroll labelled CETOPE VYTAATA for 29 gold pieces
 10491 | D:9      | Bought a scroll of teleportation for 87 gold pieces
 10521 | D:9      | Noticed a death knight
 10532 | D:9      | Killed a death knight
 10533 | D:9      | Reached skill level 5 in Crossbows
 10800 | D:9      | Noticed a cyclops
 10800 | D:9      | Noticed a centaur warrior
 10807 | D:9      | Killed a centaur warrior
 10809 | D:9      | Killed a cyclops
 10812 | D:9      | Reached skill level 5 in Evocations
 10812 | D:9      | Reached XP level 11. HP: 93/93 MP: 1/10
 10812 | D:9      | Noticed a centaur warrior
 10819 | D:9      | Killed a centaur warrior
 10820 | D:9      | Noticed a deep elf pyromancer
 10822 | D:9      | Noticed a death knight
 10829 | D:9      | Slain by an orc warrior

Illustrated notes

Levels and vault maps discovered:
D:1:      saegor_arrival_simple_d, layout_loops_ring, serial_shops,
          nicolae_square_shop, minmay_pentomino_s4
D:2:      layout_basic
D:3:      layout_rooms, nicolae_ru_sacrificial_ziggurat,
          mainiacjoe_overflow_divided_tiny,
          shapermc_ecumenical_altar_mp_urbaneastern, minmay_ogre_servants
D:4:      layout_basic, grunt_temple_overflow_open, gammafunk_ghost_grave,
          minmay_ruined_shrine, uniq_sigmund
D:5:      layout_rooms, mainiacjoe_overflow_catwalk_spiral,
          minmay_misc_feat_four_crosses, kennysheep_another_room,
          ebering_dispersal_statue_hall
D:6:      layout_basic, mainiacjoe_overflow_tiny_flanked,
          minmay_temple_entry_mist, serial_rivers,
          chequers_serial_rivers_micro_a, chequers_serial_rivers_small_b,
          chequers_serial_rivers_micro_e, chequers_serial_rivers_large_b,
          minmay_crystal_water, uniq_eustachio, uniq_grinder, uniq_edmund
D:7:      lemuel_bear_cage, layout_layer_cave, uniq_menkaure, uniq_joseph,
          uniq_duvessa
D:8:      layout_basic, mainiacjoe_overflow_alcove_2,
          gammafunk_temple_overflow_arena
D:9:      minmay_the_grid_net [minmay_the_grid_gridbox, minmay_the_grid_box_x,
          minmay_the_grid_spikes, minmay_the_grid_minigrid_small,
          minmay_the_grid_outer_diamond, minmay_the_grid_prize_inner_circle],
          layout_basic, mainiacjoe_overflow_boulevard, serial_shops, shop,
          nicolae_shop_trees, shop, kennysheep_generic_room_10, uniq_grum
D:10:     layout_cave_pools, lemuel_crystal_altar, item_on_display_a

Skill      XL: |  1  2  3  4  5  6  7  8  9 10 |
---------------+-------------------------------+-----
Axes           | 4 5 6 8 10 11 13 14 | 14.0
Fighting       | 4 6 7 |  7.9
Crossbows      | 1 4 6 |  6.2
Armour         | 3 5 7 |  7.3
Evocations     | 1 3 5 |  5.2
Dodging        | 3 4 6 |  6.7

Action                   |  1- 3 |  4- 6 |  7- 9 | 10-12 || total
-------------------------+-------+-------+-------+-------++-------
Melee: Hand axe          |    75 |   110 |    40 |       ||   225
       Headbutt          |     9 |    14 |    41 |    22 ||    86
       Punch             |     1 |     4 |     2 |     2 ||     9
       War axe           |       |       |   135 |    54 ||   189
       Battleaxe         |       |       |       |    51 ||    51
       Broad axe         |       |       |       |    22 ||    22
 Fire: Hand crossbow     |       |       |    35 |       ||    35
Invok: Berserk           |     1 |     3 |    12 |     4 ||    20
       Trog's Hand       |       |       |     1 |       ||     1
  Use: Scroll            |     3 |     7 |     6 |     5 ||    21
       Potion            |       |       |       |     1 ||     1
Armor: Ring mail         |    32 |    29 |     8 |       ||    69
       Animal skin       |     3 |       |       |       ||     3
       Plate armour      |       |       |    97 |    40 ||   137
       Scale mail        |       |       |       |    42 ||    42
Dodge: Dodged            |    38 |    46 |    91 |    76 ||   251
Block: Other             |       |       |       |    14 ||    14
       Reflection        |       |       |       |     2 ||     2
